 Dungeon Crawl Stone Soup version 0.30.1-9-gdf580d7c3d (webtiles) character file.

Game seed: 10492444093748740368

13255 DisasterStrats the Geomancer (level 12, -4/94 HPs)
             Began as a Gnoll Wanderer on Sept 26, 2023.
             Was a Believer of Vehumet.
             Killed from afar by a manticore (9 damage)
             ... with a volley of spikes
             ... on level 2 of the Lair of Beasts on Sept 27, 2023.
             The game lasted 01:11:48 (12327 turns).

DisasterStrats the Geomancer (Gnoll Wanderer)      Turns: 12327, Time: 01:11:49

Health: -4/94      AC: 10    Str: 15    XL:     12   Next: 4%
Magic:  0/24       EV: 15    Int: 20    God:    Vehumet [**....]
Gold:   1104       SH: 15    Dex:  9    Spells: 20/28 levels left

rFire   + . .        w - +10 rapier of Guile {flame, rC+ Int+4}
rCold   + + .        O - +2 tower shield
rNeg    . . .        u - +2 robe {rC+ rF+}
rPois   .            c - +1 hat
rElec   .            m - +0 cloak
rCorr   .            (no gloves)
SInv    .            (no boots)
Will    .....        o - amulet of guardian spirit
Stlth   +++          z - +4 ring of protection
HPRegen 0.35/turn    H - +5 ring of evasion
MPRegen 0.19/turn

%: guardian spirit
@: spiked
A: fangs 1, strong nose, distributed training
a: Renounce Religion


You were on level 2 of the Lair of Beasts.
You worshipped Vehumet.
Vehumet was pleased with you.
You visited 3 branches of the dungeon, and saw 14 of its levels.
You also visited: Bailey and Volcano.

You collected 1624 gold pieces.
You spent 520 gold pieces at shops.

Inventory:

Hand Weapons
 w - the +10 rapier of Guile (weapon) {flame, rC+ Int+4}
   (You acquired it on level 2 of the Dungeon)

   Int:       It affects your intelligence (+4).
   rC:        It protects you from cold.
 D - a +2 great sword of flaming
 Q - a +2 long sword of draining
 Z - the +5 sling "Solec" {antimagic, rElec rC+++ rCorr Int-3}
   (You found it on level 1 of the Lair of Beasts)

   Int:       It affects your intelligence (-3).
   rC:        It renders you almost immune to cold.
   rElec:     It insulates you from electricity.
   rCorr:     It protects you from acid and corrosion.
Missiles
 a - 3 silver boomerangs
 i - 15 boomerangs (quivered)
 q - 3 curare-tipped darts
 v - 3 silver javelins
 S - 3 throwing nets
Armour
 c - a +1 hat (worn)
 m - a +0 cloak (worn)
 u - a +2 robe of resistance (worn)
 A - a +3 plate armour of fire resistance
 J - a +1 scale mail of fire resistance
 O - a +2 tower shield (worn)
Magical Staves
 h - a staff of conjuration
 P - a staff of earth
Jewellery
 o - an amulet of guardian spirit (around neck)
 z - a +4 ring of protection (left hand)
 G - a ring of protection from cold
 H - a +5 ring of evasion (right hand)
 N - a +5 ring of evasion
Wands
 y - a wand of flame (51)
 R - a wand of digging (9)
 T - a wand of roots (4)
Scrolls
 d - 2 scrolls of fog
 e - 3 scrolls of vulnerability
 f - a scroll of enchant armour {unknown}
 g - a scroll of torment {unknown}
 k - 2 scrolls of poison
 s - a scroll of acquirement
 t - a scroll of fear {unknown}
 x - 4 scrolls of immolation
 C - 3 scrolls of identify
 E - 2 scrolls of amnesia
 F - a scroll of blinking {unknown}
 Y - a scroll of enchant weapon {unknown}
Potions
 b - 4 potions of haste
 j - 4 potions of flight
 l - 5 potions of curing
 n - 2 potions of cancellation
 p - 2 potions of lignification
 r - 2 potions of brilliance
 B - 3 potions of magic
 M - 2 potions of might {unknown}
 U - a potion of invisibility
 V - 2 potions of ambrosia
 W - a potion of resistance


   Skills:
 + Level 8.5 Fighting
 + Level 7.1 Short Blades
 + Level 7.1 Long Blades
 + Level 7.1 Axes
 + Level 7.1 Maces & Flails
 + Level 7.1 Polearms
 + Level 7.1 Staves
 + Level 7.1 Ranged Weapons
 + Level 7.1 Throwing
 + Level 7.1 Armour
 + Level 7.1 Dodging
 + Level 7.1 Stealth
 + Level 7.1 Shields
 + Level 7.1 Unarmed Combat
 + Level 8.8 Spellcasting
 + Level 5.9 Conjurations
 + Level 5.9 Hexes
 + Level 5.9 Summonings
 + Level 5.9 Necromancy
 + Level 5.9 Translocations
 + Level 5.9 Transmutations
 + Level 6.3 Fire Magic
 + Level 5.9 Ice Magic
 + Level 5.9 Air Magic
 + Level 10.6 Earth Magic
 + Level 5.9 Poison Magic
 + Level 7.8 Invocations
 + Level 7.1 Evocations


You had 20 spell levels left.
You knew the following spells:

 Your Spells              Type           Power      Damage    Failure   Level
a - Sandblast             Erth           100%       2d20      1%          1
b - Summon Guardian Gole  Hex/Summ       32%        N/A       17%         3
c - Petrify               Tmut/Erth      41%        N/A       22%         4

Your spell library contained the following spells:

 Spells                   Type           Power      Damage    Failure   Level
 Ignite Poison            Fire/Tmut/Pois 33%        N/A       16%         3
 Foxfire                  Conj/Fire      100%       2x1d9     5%          1
 Beastly Appendage        Tmut           64%        N/A       6%          1
 Necrotise                Necr           100%       1d9       6%          1
 Slow                     Hex            100%       N/A       6%          1
 Wereblood                Tmut           32%        N/A       9%          2
 Inner Flame              Hex/Fire       33%        N/A       16%         3
 Call Canine Familiar     Summ           32%        N/A       17%         3
 Confusing Touch          Hex            32%        N/A       17%         3
 Portal Projectile        Hex/Tloc       64%        N/A       17%         3
 Spider Form              Tmut/Pois      32%        N/A       17%         3
 Vampiric Draining        Necr           32%        2d8       17%         3
 Animate Armour           Summ/Erth      82%        N/A       22%         4
 Leda's Liquefaction      Hex/Erth       20%        N/A       22%         4
 Agony                    Necr           32%        N/A       85%         5
 Orb of Destruction       Conj           16%        9d7       100%        7
 Spellforged Servitor     Conj/Summ      16%        N/A       100%        7


Dungeon Overview and Level Annotations

Branches:
Dungeon (11/15)            Temple (1/1) D:7            Lair (2/5) D:9
 Shoals (0/4) Lair:2          Orc (0/2) D:11         Bailey (visited)
Volcano (visited)
  Snake: Lair:2-3    Spider: Lair:2-3

Altars:
Ashenzari
Cheibriados
Dithmenos
Elyvilon
Fedhas
Gozag
Hepliaklqana
Kikubaaqudgha
Makhleb
Nemelex Xobeh
Okawaru
Qazlal
Ru
Sif Muna
Trog
Uskayaw
Vehumet
Wu Jian
Xom
Yredelemnul
Zin
The Shining One

Shops:
D:2 *   D:5 *   D:11 !

Portals:
Trove: D:11 (give 16 potions of curing)

Annotations:
D:7 exclusions: downstairs and upstairs


Innate Abilities, Weirdness & Mutations

You have very sharp teeth.
Your uncanny sense of smell can sniff out nearby items.
Your experience applies equally to all skills.


Message History

There is a stone staircase leading up here.
The yak bellows!
You puncture the wolf! You burn the wolf. You bite the wolf, but do no damage.
The wolf is heavily wounded.
You hear a bellow!
The wolf bites you!
* * * LOW HITPOINT WARNING * * *
A yak comes into view.
You block the wolf's attack. The wolf barely misses you.
You hear a howl!
You hear an angry hiss.
You hear a loud, deep croak!
As you read the scroll of teleportation, it crumbles to dust.
You feel strangely unstable. You block the wolf's attack.
A wolf comes into view.
The wolf barely misses you. You block the wolf's attack.
The wolf completely misses you.
You feel better.
The wolf closely misses you. x2; You block the wolf's attack.
A cane toad comes into view.
You block the manticore's attack. The manticore closely misses you.
The manticore claws you.
* * * LOW HITPOINT WARNING * * *
The wolf bites you.
* * * LOW HITPOINT WARNING * * *
Okay, then.
The yak attacks as you move away! The yak closely misses you.
You block the wolf's attack. x2
The manticore bites you but does no damage.
The manticore claws you!
* * * LOW HITPOINT WARNING * * *
You block the manticore's attack. The wolf attacks as you move away!
You block the wolf's attack. The wolf closely misses you.
The manticore attacks as you move away! You block the manticore's attack.
The manticore claws you!
* * * LOW HITPOINT WARNING * * *
The manticore completely misses you.
Your surroundings seem slightly different.
The manticore flicks its tail.
The volley of spikes hits you!
The barbed spikes become lodged in your body.
You die...

#....#..........# ##
#..###...^......# #...
####.?..#...# #...
##..#.###.# #....( ..#
##...## .. ### ####@#
. .........## ###. .#
..P####.$.##.... ..#
∆?.# .#h....... ...###
#..######..(>....
.....#
..>..##.#hH..!###
#P...##.........hY####
#.........##.YY.#
##.†.# ###..#


You could see a manticore, 3 yaks and 3 wolves.

Vanquished Creatures
  A catoblepas (Lair:1)
  2 two-headed ogres
  Joseph (D:8)
  A torpor snail (Lair:1)
  4 komodo dragons
  A rime drake (Lair:1)
  An efreet (Volcano)
  2 trolls (D:11)
  A polar bear (Lair:1)
  A hornet (D:9)
  A wraith (D:11)
  A wyvern (Lair:2)
  9 yaks
  2 basilisks
  3 fire elementals (Volcano)
  2 vampire mosquitoes (D:10)
  4 water moccasins
  A nameless horror (D:11)
  5 black bears
  6 orc warriors
  2 ice beasts
  A sky beast (D:6)
  5 wolves
  2 centaurs
  5 bullfrogs
  12 wights
  3 killer bees (D:8)
  5 howler monkeys (D:7)
  A jelly (D:4)
  9 orc priests
  3 hounds
  A gnoll bouda (D:5)
  2 iguanas (D:5)
  4 orc wizards
  17 gnolls
  7 adders
  A shadow imp (D:8)
  2 ufetubi
  36 orcs
  10 endoplasms
  2 giant cockroaches
  9 goblins
  7 hobgoblins
  A jackal (D:3)
  6 quokkas
  6 ball pythons
  5 bats
  3 frilled lizards
  10 kobolds
  2 rats (D:1)
228 creatures vanquished.

Vanquished Creatures (others)
  A two-headed ogre (D:11)
  A cane toad (Lair:1)
  4 yaks
  A human (D:9)
  A gnoll sergeant (D:10)
  A wight (D:9)
9 creatures vanquished.

Grand Total: 237 creatures vanquished

Notes
Turn   | Place    | Note
-------+----------+-------------------------------------------
     0 | D:1      | DisasterStrats the Gnoll Wanderer began the quest for the
                  | Orb.
     0 | D:1      | DisasterStrats set off with the following items: a +0 club,
                  | a potion of haste, a +0 robe, a scroll of fog; and the
                  | following spells available to memorise: Sandblast, Foxfire,
                  | Animate Armour, Petrify, Inner Flame.
     0 | D:1      | Reached XP level 1. HP: 20/20 MP: 6/6
     2 | D:1      | Learned a level 1 spell: Sandblast
   273 | D:1      | Reached XP level 2. HP: 14/26 MP: 7/7
   869 | D:1      | Reached skill level 5 in Spellcasting
   869 | D:1      | Reached XP level 3. HP: 24/31 MP: 7/9
  1112 | D:2      | Reached skill level 1 in Invocations
  1400 | D:2      | Found Basuin's General Store.
  1630 | D:2      | Reached skill level 1 in Short Blades
  1630 | D:2      | Reached skill level 1 in Long Blades
  1630 | D:2      | Reached skill level 1 in Axes
  1630 | D:2      | Reached skill level 1 in Maces & Flails
  1630 | D:2      | Reached skill level 1 in Polearms
  1630 | D:2      | Reached skill level 1 in Staves
  1630 | D:2      | Reached skill level 1 in Ranged Weapons
  1630 | D:2      | Reached skill level 1 in Throwing
  1630 | D:2      | Reached skill level 1 in Armour
  1630 | D:2      | Reached skill level 1 in Dodging
  1630 | D:2      | Reached skill level 1 in Stealth
  1630 | D:2      | Reached skill level 1 in Shields
  1630 | D:2      | Reached skill level 1 in Unarmed Combat
  1630 | D:2      | Reached skill level 1 in Evocations
  2149 | D:2      | Identified 2 scrolls of acquirement
  2149 | D:2      | Acquired the +10 rapier of Guile {flame, rC+ Int+4}
  2239 | D:3      | Found a shadowy altar of Dithmenos.
  2362 | D:3      | Reached XP level 4. HP: 38/38 MP: 11/11
  2742 | D:4      | Reached skill level 1 in Conjurations
  2742 | D:4      | Reached skill level 1 in Hexes
  2742 | D:4      | Reached skill level 1 in Summonings
  2742 | D:4      | Reached skill level 1 in Necromancy
  2742 | D:4      | Reached skill level 1 in Translocations
  2742 | D:4      | Reached skill level 1 in Transmutations
  2742 | D:4      | Reached skill level 1 in Ice Magic
  2742 | D:4      | Reached skill level 1 in Air Magic
  2742 | D:4      | Reached skill level 1 in Poison Magic
  2753 | D:4      | Reached XP level 5. HP: 43/43 MP: 10/12
  3046 | D:4      | Noticed an ice beast
  3053 | D:4      | Killed an ice beast
  3054 | D:4      | Reached XP level 6. HP: 47/50 MP: 11/14
  3309 | D:4      | Noticed a black bear
  3315 | D:4      | Reached skill level 5 in Fighting
  3318 | D:4      | Killed a black bear
  3319 | D:4      | Reached skill level 9 in Earth Magic
  3414 | D:4      | Noticed a black bear
  3415 | D:4      | Found a bloodstained altar of Trog.
  3415 | D:4      | Noticed a black bear
  3418 | D:4      | Killed a black bear
  3419 | D:4      | Reached XP level 7. HP: 56/56 MP: 11/15
  3654 | D:5      | Entered Level 5 of the Dungeon
  3742 | D:5      | Found Huesoemo's Elemental Accessories.
  4082 | D:5      | Reached XP level 8. HP: 63/63 MP: 14/16
  4509 | D:6      | Noticed a wraith
  4672 | D:7      | Found a staircase to the Ecumenical Temple.
  5030 | D:7      | Found a stormy altar of Qazlal.
  5162 | Temple   | Entered the Ecumenical Temple
  5281 | Temple   | Became a worshipper of Vehumet
  5312 | Temple   | Acquired 830 gold pieces
  5634 | D:7      | Learned a level 3 spell: Summon Guardian Golem
  5855 | D:7      | Found an ornate altar of the Wu Jian Council.
  5933 | D:7      | Reached XP level 9. HP: 51/69 MP: 13/18
  6318 | D:8      | Reached * piety under Vehumet
  6318 | D:8      | Offered knowledge of Magic Dart by Vehumet.
  6446 | D:8      | Noticed a two-headed ogre
  6467 | D:8      | Noticed Joseph
  6510 | D:8      | Killed a two-headed ogre
  6511 | D:8      | Reached skill level 5 in Invocations
  6530 | D:8      | Killed Joseph
  6567 | D:8      | Reached skill level 5 in Short Blades
  6567 | D:8      | Reached skill level 5 in Long Blades
  6567 | D:8      | Reached skill level 5 in Axes
  6567 | D:8      | Reached skill level 5 in Maces & Flails
  6567 | D:8      | Reached skill level 5 in Polearms
  6567 | D:8      | Reached skill level 5 in Staves
  6567 | D:8      | Reached skill level 5 in Ranged Weapons
  6567 | D:8      | Reached skill level 5 in Throwing
  6567 | D:8      | Reached skill level 5 in Armour
  6567 | D:8      | Reached skill level 5 in Dodging
  6567 | D:8      | Reached skill level 5 in Stealth
  6567 | D:8      | Reached skill level 5 in Shields
  6567 | D:8      | Reached skill level 5 in Unarmed Combat
  6567 | D:8      | Reached skill level 5 in Evocations
  6570 | D:8      | Reached XP level 10. HP: 72/77 MP: 17/20
  6631 | D:8      | Found an iron altar of Okawaru.
  6635 | D:8      | Found a flagged portal.
  6646 | Bailey   | Entered a bailey
  6902 | Bailey   | Noticed an orc knight
  7156 | D:8      | Found a shimmering blue altar of Sif Muna.
  7201 | D:8      | Found a burning altar of Makhleb.
  7202 | D:8      | Found a snail-covered altar of Cheibriados.
  7203 | D:8      | Found a hazy altar of Hepliaklqana.
  7299 | D:9      | Reached skill level 5 in Fire Magic
  7684 | D:9      | Reached skill level 10 in Earth Magic
  7732 | D:9      | Found a staircase to the Lair.
  7757 | D:9      | Learned a level 4 spell: Petrify
  8242 | D:9      | Reached ** piety under Vehumet
  8519 | D:9      | Offered knowledge of Freeze by Vehumet.
  8528 | D:10     | Entered Level 10 of the Dungeon
  8845 | D:10     | Found a glowing golden altar of the Shining One.
  8847 | D:10     | Found a white marble altar of Elyvilon.
  8848 | D:10     | Found a glowing silver altar of Zin.
  9160 | D:11     | Noticed a two-headed ogre
  9169 | D:11     | Reached skill level 5 in Conjurations
  9169 | D:11     | Reached skill level 5 in Hexes
  9169 | D:11     | Reached skill level 5 in Summonings
  9169 | D:11     | Reached skill level 5 in Necromancy
  9169 | D:11     | Reached skill level 5 in Translocations
  9169 | D:11     | Reached skill level 5 in Transmutations
  9169 | D:11     | Reached skill level 5 in Ice Magic
  9169 | D:11     | Reached skill level 5 in Air Magic
  9169 | D:11     | Reached skill level 5 in Poison Magic
  9176 | D:11     | Reached XP level 11. HP: 85/85 MP: 16/22
  9202 | D:11     | Killed a two-headed ogre
  9526 | D:11     | Found a staircase to the Orcish Mines.
  9566 | D:11     | Found a portal to a secret trove of treasure.
  9755 | D:11     | Found Kiocvoud's Distillery.
  9764 | D:11     | Bought a potion of attraction for 39 gold pieces
  9764 | D:11     | Bought a potion of invisibility for 104 gold pieces
  9764 | D:11     | Bought a potion of curing for 39 gold pieces
  9764 | D:11     | Bought 2 potions of ambrosia for 208 gold pieces
  9764 | D:11     | Bought a potion of resistance for 130 gold pieces
  9859 | D:11     | Noticed a two-headed ogre
  9865 | D:11     | Killed a two-headed ogre
 10612 | D:9      | Found an ancient bone altar of Kikubaaqudgha.
 10655 | Lair:1   | Entered Level 1 of the Lair of Beasts
 11034 | Lair:1   | Identified the +5 sling "Solec" {antimagic, rElec rC+++
                  | rCorr Int-3}
 11283 | Lair:1   | Found a dark tunnel.
 11288 | Volcano  | Entered a volcano
 11730 | Lair:1   | Noticed a catoblepas
 11741 | Lair:1   | Killed a catoblepas
 11949 | Lair:1   | You fall into a shaft and drop 1 floor!
 12211 | Lair:1   | Reached XP level 12. HP: 66/94 MP: 22/24
 12303 | Lair:2   | Offered knowledge of Ignite Poison by Vehumet.
 12321 | Lair:2   | Found a staircase to the Shoals.
 12327 | Lair:2   | HP: 4/94 [manticore (9)]
 12327 | Lair:2   | Killed from afar by a manticore

Illustrated notes

Levels and vault maps discovered:
D:1:      minmay_arrival_up_and_down, layout_basic, minmay_surrounded
D:2:      layout_basic, serial_shops, shop, dreamdust_princess_bridge
D:3:      layout_loops_ring, nicolae_dithmenos_the_darkroom, minmay_checkerbox
D:4:      layout_cave_pods, trog_ov_bears_minmay
D:5:      layout_loops_ring, nicolae_elemental_shop
D:6:      layout_cave_pools, corexii_leaking_fountain
D:7:      layout_basic, grunt_qazlal_clouds, mainiacjoe_overflow_alcove_4,
          minmay_temple_entry_slanted, hangedman_decor_riveting
D:8:      layout_rooms, tgw_sif, chequers_temple_overflow_statue_of_worship,
          enter_bailey_4, uniq_joseph
D:9:      layout_gridville, tgw_kikubaaqudgha, due_lair_maze_entry_diamond
D:10:     layout_cave_pools, good_gods_temple_1
D:11:     layout_roguey, hiddenorc1_lemuel, serial_shops, shop, enter_trove_0
Temple:   kb_temple_of_zot
Lair:1:   layout_cave_pods, nicolae_volcano_entry_s_turn, grunt_megastairs_2
Lair:2:   layout_layer_cave, minmay_shoals_entry_beasts,
          hellmonk_spider_entry_life_and_decay

Skill      XL: |  1  2  3  4  5  6  7  8  9 10 11 |
---------------+----------------------------------+-----
Fire Magic     | 2 3 4 5 6 |  6.3
Spellcasting   | 5 6 7 8 |  8.8
Invocations    | 1 2 3 4 5 6 7 |  7.8
Short Blades   | 1 2 3 5 6 7 |  7.1
Long Blades    | 1 2 3 5 6 7 |  7.1
Axes           | 1 2 3 5 6 7 |  7.1
Maces & Flails | 1 2 3 5 6 7 |  7.1
Polearms       | 1 2 3 5 6 7 |  7.1
Staves         | 1 2 3 5 6 7 |  7.1
Ranged Weapons | 1 2 3 5 6 7 |  7.1
Throwing       | 1 2 3 5 6 7 |  7.1
Armour         | 1 2 3 5 6 7 |  7.1
Dodging        | 1 2 3 5 6 7 |  7.1
Stealth        | 1 2 3 5 6 7 |  7.1
Shields        | 1 2 3 5 6 7 |  7.1
Unarmed Combat | 1 2 3 5 6 7 |  7.1
Evocations     | 1 2 3 5 6 7 |  7.1
Conjurations   | 1 2 3 4 5 |  5.9
Hexes          | 1 2 3 4 5 |  5.9
Summonings     | 1 2 3 4 5 |  5.9
Necromancy     | 1 2 3 4 5 |  5.9
Translocations | 1 2 3 4 5 |  5.9
Transmutations | 1 2 3 4 5 |  5.9
Ice Magic      | 1 2 3 4 5 |  5.9
Air Magic      | 1 2 3 4 5 |  5.9
Poison Magic   | 1 2 3 4 5 |  5.9
Fighting       | 5 6 7 8 |  8.5
Earth Magic    | 9 10 | 10.6

Action                     |  1- 3 |  4- 6 |  7- 9 | 10-12 || total
---------------------------+-------+-------+-------+-------++-------
  Melee: Club              |    35 |       |       |       ||    35
         Rapier            |    88 |    42 |   126 |   291 ||   547
         Bite              |     9 |     4 |    12 |    39 ||    64
         Punch             |       |       |     2 |     4 ||     6
  Throw: Boomerang         |       |       |       |     2 ||     2
   Cast: Sandblast         |    13 |    17 |    56 |    75 ||   161
         Summon Guardian G |       |       |     2 |    31 ||    33
    Use: Scroll            |     6 |       |    11 |     2 ||    19
         Potion            |       |       |     2 |     8 ||    10
   Stab: Sleeping          |       |     1 |     1 |     1 ||     3
 Armour: Robe              |     7 |    11 |    33 |    70 ||   121
         Ring mail         |    31 |       |       |       ||    31
  Dodge: Dodged            |    57 |    22 |   142 |   242 ||   463
  Block: Tower shield      |       |       |       |   156 ||   156
